 Dungeon Crawl Stone Soup version 0.32-a0-834-geaf45d8e21 (webtiles) character file.

Game seed: 15956793544373876522

476 BubbleThief the Trooper (level 7, -2/59 HPs)
             Began as a Formicid Fighter on Mar 24, 2024.
             Was a Follower of Makhleb.
             Slain by a gnoll sergeant
             ... wielding a +0 trident
              (9 damage)
             ... on level 5 of the Dungeon on Mar 25, 2024.
             The game lasted 00:05:40 (3752 turns).

BubbleThief the Trooper (Formicid Fighter)          Turns: 3752, Time: 00:05:41

Health: -2/59      AC:  8    Str: 22    XL:     7   Next: 33%
Magic:  7/7        EV:  8    Int:  8    God:    Makhleb [*.....]
Gold:   206        SH:  4    Dex: 13    Spells: 6/6 levels left

rFire   + . .        a - +0 war axe
rCold   + . .        c - +0 buckler
rNeg    . . .        b - +0 scale mail
rPois   .            (helmet unavailable)
rElec   .            t - scarf {rC+ rF+}
rCorr   .            i - +0 pair of gloves
SInv    +            (no boots)
Will    .....        (no amulet) Stlth
                     (no ring)
HPRegen 0.29/turn    (no ring)
MPRegen 0.10/turn

%: no passive effects
@: no status effects
A: permanent stasis, dig shafts and tunnels, antennae 3, four strong arms
a: Dig, Shaft Self, Renounce Religion


You were on level 5 of the Dungeon.
You worshipped Makhleb.
Makhleb was aware of your devotion.
You visited 1 branch of the dungeon, and saw 5 of its levels.

You collected 206 gold pieces.

Inventory:

Hand Weapons
 a - a +0 war axe (weapon)
Missiles
 u - a throwing net
Armour
 b - a +0 scale mail (worn)
 c - a +0 buckler (worn)
 i - a +0 pair of gloves (worn)
 t - a scarf of resistance (worn)
Scrolls
 e - 2 scrolls of poison {unknown}
 f - 3 scrolls of identify {unknown}
 g - a scroll of immolation {unknown}
 h - 2 scrolls of vulnerability {unknown}
 l - a scroll of amnesia {unknown}
 n - a scroll of brand weapon {unknown}
 o - 3 scrolls of teleportation {unknown}
 p - 3 scrolls of fog {unknown}
 q - a scroll of enchant armour {unknown}
 r - 2 scrolls of noise {unknown}
 s - a scroll of silence {unknown}
Potions
 d - 2 potions of might
 j - 2 potions of lignification {unknown}
 k - 4 potions of mutation {unknown}
 m - 4 potions of curing {unknown}
 v - a potion of brilliance {unknown}


   Skills:
 + Level 6.4 Fighting
 + Level 5.4 Axes
 - Level 3.2 Armour
 - Level 4.0 Shields


You had 6 spell levels left.
You didn't know any spells.
Your spell library contained the following spells:

 Spells                   Type           Power      Damage    Failure   Level
 Apportation              Tloc           0%         N/A       80%         1
 Magic Dart               Conj           0%         1d3       80%         1
 Necrotise                Necr           0%         1d4       80%         1
 Slow                     Hex            0%         N/A       80%         1
 Sting                    Conj/Alch      0%         1d3       80%         1
 Summon Small Mammal      Summ           0%         N/A       80%         1
 Call Imp                 Summ           0%         N/A       91%         2
 Confusing Touch          Hex            0%         N/A       99%         3
 Vampiric Draining        Necr           0%         2d6       99%         3
 Haunt                    Necr/Summ      0%         N/A       100%        7
 Borgnjor's Revivificati  Necr           0%         N/A       100%        8
 Death's Door             Necr           0%         N/A       100%        9
 Blink                    Tloc           Unusable   N/A       N/A         2

Dungeon Overview and Level Annotations

Branches:
Dungeon (5/15)
 Temple: D:4-7

Altars:
Hepliaklqana
Makhleb
Okawaru
Trog
The Shining One


Innate Abilities, Weirdness & Mutations

You cannot be hasted, slowed, berserked, paralysed or teleported.
You can dig through walls and to a lower floor.
You have a pair of large antennae on your head. (SInv)
Your four strong arms can wield two-handed weapons with a shield.


Message History

You are too injured to fight recklessly!
You are too injured to fight recklessly!
Saving game... please wait.
Welcome back, BubbleThief the Formicid Fighter.
Blood and souls for Makhleb!
Press ? for a list of commands and other information.
You slash the yak!
The yak is almost dead.
You block the yak's attack.
You hit the yak but do no damage.
The yak is almost dead.
The yak gores you!
* * * LOW HITPOINT WARNING * * *
You slash the yak!
You kill the yak!
Makhleb accepts your kill.
Your Fighting skill increases to level 6!
Your Axes skill increases to level 5!
You have reached level 7!
You hit the gnoll sergeant but do no damage.
The gnoll sergeant is heavily wounded.
The gnoll sergeant hits you with a +0 trident.
* * * LOW HITPOINT WARNING * * *
You block the gnoll sergeant's attack.
You hit the gnoll sergeant but do no damage.
The gnoll sergeant is heavily wounded.
The gnoll sergeant hits you with a +0 trident.
* * * LOW HITPOINT WARNING * * *
You closely miss the gnoll sergeant.
The gnoll sergeant is heavily wounded.
The gnoll sergeant barely misses you. The gnoll sergeant blocks your attack.
The gnoll sergeant is heavily wounded.
The gnoll sergeant barely misses you.
The gnoll sergeant hits you with a +0 trident.
* * * LOW HITPOINT WARNING * * *
You completely miss the gnoll sergeant.
The gnoll sergeant is heavily wounded.
The gnoll sergeant hits you with a +0 trident!
You die...

#### ,..## #g$#
#.## ####g#
##.#@##
##.#.#.#
#.###### ##.##
..#..##.#.#.###
........
#..........#
.#..#..#
##########)#
.......#
##...#.#
.#..#..#
#......#
.#..#<. .#
#....#.#


You could see a gnoll sergeant.

Vanquished Creatures
  A yak (D:5)
  A crimson imp (D:4)
  2 bombardier beetles
  A gnoll bouda (D:4)
  5 gnolls
  8 adders
  3 dart slugs
  2 ribbon worms
  An orc (D:3)
  6 endoplasms
  4 giant cockroaches
  4 goblins
  2 hobgoblins
  6 quokkas
  14 ball pythons
  6 bats
  3 frilled lizards
  A goblin zombie (D:4)
  A hobgoblin zombie (D:4)
  6 kobolds
  2 orc skeletons (D:4)
  2 orc zombies (D:4)
  7 rats
88 creatures vanquished.

Notes
Turn   | Place    | Note
-------+----------+-------------------------------------------
     0 | D:1      | BubbleThief the Formicid Fighter began the quest for the
                  | Orb.
     0 | D:1      | Reached XP level 1. HP: 18/18 MP: 1/1
    87 | D:1      | Reached XP level 2. HP: 24/24 MP: 2/2
   170 | D:1      | Reached XP level 3. HP: 21/30 MP: 3/3
   434 | D:2      | Found a faded altar of an unknown god.
   451 | D:2      | Reached skill level 4 in Fighting
  1326 | D:2      | Reached XP level 4. HP: 37/37 MP: 4/4
  1697 | D:3      | Found a burning altar of Makhleb.
  1725 | D:3      | Became a worshipper of Makhleb the Destroyer
  1876 | D:3      | Reached XP level 5. HP: 43/43 MP: 5/5
  2033 | D:3      | Found an iron altar of Okawaru.
  2218 | D:3      | Found a bloodstained altar of Trog.
  2218 | D:3      | Found a hazy altar of Hepliaklqana.
  2353 | D:3      | Reached skill level 5 in Fighting
  3004 | D:4      | Reached * piety under Makhleb
  3070 | D:4      | Found a glowing golden altar of the Shining One.
  3108 | D:4      | Reached XP level 6. HP: 51/51 MP: 6/6
  3374 | D:5      | Entered Level 5 of the Dungeon
  3735 | D:5      | Noticed a yak
  3745 | D:5      | Upgraded the game from 0.32-a0-818-gb728d0252e to
                  | 0.32-a0-834-geaf45d8e21
  3747 | D:5      | Killed a yak
  3748 | D:5      | Reached skill level 6 in Fighting
  3748 | D:5      | Reached skill level 5 in Axes
  3748 | D:5      | Reached XP level 7. HP: 11/59 MP: 7/7
  3752 | D:5      | Slain by a gnoll sergeant

Illustrated notes

Levels and vault maps discovered:
D:1:      psy_arrival_dodecagon, layout_rooms
D:2:      minmay_chambers_of_ones, layout_basic,
          shapermc_ecumenical_altar_totnotflames
D:3:      layout_basic, mainiacjoe_overflow_six_doors_small,
          mainiacjoe_overflow_tiny_flanked, amethyst_overflow_temple_binary,
          grunt_ministairs_6
D:4:      layout_loops_ring, nicolae_tso_besieged_by_evil
D:5:      layout_loops_ring, hangedman_abyss_or_decor_passed, minmay_small_thing

Skill      XL: |  1  2  3  4  5  6 |
---------------+-------------------+-----
Fighting       | 4 5 6 |  6.4
Axes           | 3 4 5 |  5.4
Armour         | |  3.2
Shields        | |  4.0

Action                     |  1- 3 |  4- 6 |  7- 9 || total
---------------------------+-------+-------+-------++-------
  Melee: War axe           |    65 |   198 |     5 ||   268
 Armour: Scale mail        |    73 |   153 |     4 ||   230
  Dodge: Dodged            |    23 |   105 |     2 ||   130
  Block: Buckler           |    14 |    49 |     1 ||    64

Table legend: (Time is in decaauts)
 A = Elapsed time spent in this place.
 B = Non-inter-level travel time spent in this place.
 C = Inter-level travel time spent in this place.
 D = Time resting spent in this place.
 E = Time spent auto-exploring this place.
 F = Levels seen in this place.
 G = Mean time per level.
                   A        B        C        D        E       F      G
               +--------+--------+--------+--------+--------+-----+--------+
         Total |   3850 |   3748 |    102 |    142 |   2804 |   5 |  770.0 |
       Dungeon |   3850 |   3748 |    102 |    142 |   2804 |   5 |  770.0 |
               +--------+--------+--------+--------+--------+-----+--------+

Top non-repeatable levels by time:
     D:2: 1172 daAuts
     D:3: 1137 daAuts
     D:4: 934 daAuts
     D:1: 403 daAuts
     D:5: 201 daAuts
